 Dungeon Crawl Stone Soup version 0.28-a0-429-g1448048969 (console) character file.

Game seed: 10727101268863599517

10246 Morrissey the Frost Mage (level 11, -1/76 HPs)
             Began as a Merfolk Ice Elementalist on Sept 9, 2021.
             Was a High Priest of Okawaru.
             Slain by a large slime creature (14 damage)
             ... on level 10 of the Dungeon on Sept 10, 2021.
             The game lasted 00:37:24 (12035 turns).

Morrissey the Frost Mage (MfIE)                    Turns: 12035, Time: 00:37:24

Health: -1/76      AC:  5    Str:  9    XL:     11   Next: 59%
Magic:  14/18      EV: 21    Int: 18    God:    Okawaru [*****.]
Gold:   492        SH:  5    Dex: 26    Spells: 9/20 levels left

rFire   . . .      SeeInvis .   a - +2 dagger (venom)
rCold   . . .      Faith    .   (no shield)
rNeg    . . .      Spirit   .   I - +0 robe {Will+}
rPois   .          Reflect  +   x - +2 hat
rElec   .          Harm     .   N - +0 cloak {Stlth+}
rCorr   .          Rampage  .   (no gloves)
Will    +....                   (no boots)
Stlth   ++++++....              z - amulet of reflection
HPRegen 0.22/turn               A - +6 ring of dexterity
MPRegen 0.16/turn               n - +6 ring of dexterity

@: about to teleport
A: (nimble swimmer 2), mertail
a: Renounce Religion, Heroism, Finesse, Duel


You were on level 10 of the Dungeon.
You worshipped Okawaru.
Okawaru was extremely pleased with you.
You visited 2 branches of the dungeon, and saw 12 of its levels.

You collected 492 gold pieces.

Inventory:

Hand Weapons
 a - a +2 dagger of venom (weapon)
Missiles
 v - 2 throwing nets
Armour
 x - a +2 hat (worn)
 H - +2 steam dragon scales
 I - a +0 robe of willpower (worn)
 N - a +0 cloak of stealth (worn)
Magical Staves
 u - a staff of fire
Jewellery
 i - a +6 ring of strength
 n - a +6 ring of dexterity (right hand)
 q - a +6 ring of strength
 y - a ring of positive energy
 z - an amulet of reflection (around neck)
 A - a +6 ring of dexterity (left hand)
 C - a +4 ring of evasion
 J - an amulet of the acrobat
Wands
 e - a wand of mindburst (21)
 j - a wand of paralysis (19)
 F - a wand of flame (15)
 L - a wand of iceblast (12)
 M - a wand of acid (4)
Scrolls
 g - a scroll of fear {unknown}
 h - a scroll of enchant armour {unknown}
 l - 2 scrolls of amnesia {unknown}
 m - a scroll of silence {unknown}
 o - 5 scrolls of teleportation
 r - 4 scrolls of identify {unknown}
 s - 3 scrolls of enchant weapon {unknown}
 E - a scroll of acquirement {unknown}
Potions
 b - 3 potions of curing
 c - 2 potions of invisibility {unknown}
 d - 3 potions of haste {unknown}
 f - a potion of flight {unknown}
 k - 3 potions of attraction {unknown}
 t - a potion of mutation {unknown}
 w - 2 potions of ambrosia {unknown}
 B - a potion of cancellation {unknown}
 D - 2 potions of brilliance {unknown}
 G - 2 potions of degeneration {unknown}
 K - a potion of might {unknown}


   Skills:
 * Level 3.8 Fighting
 * Level 8.1 Short Blades
 * Level 9.6 Dodging
 * Level 9.0 Stealth
 - Level 5.2 Spellcasting
 - Level 5.0 Conjurations
 - Level 1.1 Fire Magic
 + Level 10.0 Ice Magic
 * Level 5.0 Invocations


You had 9 spell levels left.
You knew the following spells:

 Your Spells              Type           Power      Damage    Failure   Level
a - Freeze                Ice            100%       1d11      1%          1
b - Frozen Ramparts       Ice            80%        1d10      1%          3
c - Ozocubu's Armour      Ice            40%        N/A       1%          3
d - Hailstorm             Conj/Ice       31%        3d8       6%          4

Your spell library contained the following spells:

 Spells                   Type           Power      Damage    Failure   Level


Dungeon Overview and Level Annotations

Branches:
Dungeon (11/15)            Temple (1/1) D:7             Orc (0/2) D:10
   Lair: D:8-11

Altars:
Ashenzari
Cheibriados
Dithmenos
Elyvilon
Fedhas
Gozag
Hepliaklqana
Kikubaaqudgha
Makhleb
Nemelex Xobeh
Okawaru
Qazlal
Ru
Sif Muna
Trog
Uskayaw
Vehumet
Wu Jian
Xom
Yredelemnul
Zin
The Shining One

Shops:
D:9 [

Annotations:
D:3 Grinder
D:7 exclusion: downstairs


Innate Abilities, Weirdness & Mutations

((You are quick and stealthy near water. (Stealth+, EV+, Speed+++)))
Your lower body shifts to a powerful aquatic tail in water.


Message History

You can now deal lightning-fast blows.
* * * LOW MAGIC WARNING * * *
The very large slime creature completely misses you.
You hit the very large slime creature.
The very large slime creature is poisoned.
The very large slime creature is lightly wounded.
You hit the very large slime creature.
The very large slime creature looks as sick as possible!
The very large slime creature is lightly wounded.
The very large slime creature completely misses you.
You are too injured to fight recklessly!
Casting: Hailstorm (dangerous; 6% risk of failure)
Confirm with . or Enter, or press ? or * to list all spells.
Aiming: Freeze (safe; 1% risk of failure)
Press: ? - help, Shift-Dir - straight line, f - very large slime creature
Aim: a very large slime creature (lightly wounded, extremely poisoned)
You freeze the very large slime creature!
The very large slime creature is lightly wounded.
* * * LOW MAGIC WARNING * * *
The very large slime creature hits you!!
* * * LOW HITPOINT WARNING * * *
Things that are here:
15 arrows; a +0 shortbow Your hands slow down.
You hit the very large slime creature.
The very large slime creature is lightly wounded.
You feel like a meek peon again.
The very large slime creature looks more healthy.
You hit the very large slime creature but do no damage.
The very large slime creature is poisoned.
The very large slime creature is lightly wounded.
The very large slime creature misses you.
You hit the very large slime creature but do no damage.
The very large slime creature is lightly wounded.
The very large slime creature closely misses you.
A very large slime creature splits.
As you read the scroll labelled MIPOBI ULIMIM, it crumbles to dust.
You feel strangely unstable.
It was a scroll of teleportation.
The large slime creature hits you!
You die...

####### ### ##.....# #># .#.....#
##.# .#.....# #..# .#.....# ##.##
.'..##.# ##########..# .#..##.#
#..........## .#.....#
########.......#### .#.....#
#..J@......###.# .#...#.#
#..J.......###.#
##...#.######..##..........######
.....#.........##................
.....#..####...##......#.......##
.....#..# #...##................
.....#..####.....................
.................................
#################################


You could see a large slime creature (poisoned) and a slime creature (poisoned).

Vanquished Creatures
  3 two-headed ogres
  A manticore (D:7)
  An unseen horror (D:10)
  Maggie (D:8)
  A wyvern (D:8)
  25 yaks
  A steam dragon (D:8)
  3 water moccasins (D:8)
  An orc warrior (D:8)
  An ice beast (D:6)
  3 sky beasts
  A necrophage (D:7)
  A black bear (D:4)
  4 centaurs
  2 phantoms (D:5)
  2 bullfrogs
  2 kobold brigands
  Blork the orc (D:5)
  A wyvern zombie (D:7)
  3 scorpions
  A water moccasin zombie (D:7)
  A water moccasin skeleton (D:5)
  10 killer bees
  A howler monkey (D:8)
  3 centaur zombies
  A jelly (D:5)
  A hound (D:6)
  4 iguanas (D:5)
  11 orc wizards
  2 killer bee zombies
  A hound zombie (D:5)
  2 hound skeletons
  A mummy (D:8)
  6 gnolls (D:4)
  8 adders
  3 shadow imps
  2 ufetubi
  2 worms (D:2)
  5 dart slugs
  33 orcs
  14 ball pythons
  9 endoplasms
  4 giant cockroaches
  10 goblins
  8 hobgoblins
  14 kobolds
  3 quokkas
  8 bats
  3 frilled lizards
  8 rats
237 creatures vanquished.

Vanquished Creatures (others)
  23 fungi (D:11)
  25 plants
48 creatures vanquished.

Grand Total: 285 creatures vanquished

Notes
Turn   | Place    | Note
-------+----------+-------------------------------------------
     0 | D:1      | Morrissey the Merfolk Ice Elementalist began the quest for
                  | the Orb.
     0 | D:1      | Reached XP level 1. HP: 13/13 MP: 3/3
   249 | D:1      | Reached XP level 2. HP: 10/19 MP: 1/5
  1003 | D:1      | Reached XP level 3. HP: 24/24 MP: 2/6
  1728 | D:2      | Reached skill level 5 in Ice Magic
  1901 | D:2      | Reached XP level 4. HP: 27/30 MP: 2/7
  1935 | D:2      | Learned a level 3 spell: Frozen Ramparts
  1939 | D:2      | Learned a level 3 spell: Ozocubu's Armour
  2675 | D:2      | Found a stormy altar of Qazlal.
  2895 | D:3      | Reached XP level 5. HP: 16/35 MP: 2/9
  3272 | D:3      | Noticed Grinder
  3489 | D:3      | Found a sacrificial altar of Ru.
  3489 | D:3      | Found an ornate altar of the Wu Jian Council.
  3690 | D:3      | Reached skill level 1 in Short Blades
  3858 | D:4      | Reached XP level 6. HP: 33/41 MP: 3/10
  4007 | D:4      | Found a hide-covered altar of Uskayaw.
  4007 | D:4      | Found a glowing silver altar of Zin.
  4018 | D:4      | Found a shimmering altar of Xom.
  4043 | D:4      | Noticed a black bear
  4051 | D:4      | Killed a black bear
  4052 | D:4      | Reached skill level 6 in Ice Magic
  4234 | D:4      | Learned a level 4 spell: Hailstorm
  4636 | D:4      | Found a sparkling altar of Nemelex Xobeh.
  4758 | D:4      | Found an opulent altar of Gozag.
  5013 | D:5      | Entered Level 5 of the Dungeon
  5025 | D:5      | Reached XP level 7. HP: 46/46 MP: 8/12
  5238 | D:5      | Noticed a vampire mosquito
  5304 | D:5      | Noticed Blork the orc
  5312 | D:5      | Killed Blork the orc
  5313 | D:5      | Reached skill level 5 in Dodging
  5342 | D:5      | Reached skill level 7 in Ice Magic
  5602 | D:5      | Reached XP level 8. HP: 52/52 MP: 13/13
  5644 | D:5      | Reached skill level 1 in Conjurations
  6213 | D:6      | Reached skill level 5 in Stealth
  6550 | D:6      | Reached skill level 1 in Fire Magic
  6969 | D:6      | Reached skill level 8 in Ice Magic
  7113 | D:7      | Reached XP level 9. HP: 57/57 MP: 15/15
  7296 | D:7      | Found a shadowy altar of Dithmenos.
  7306 | D:7      | Noticed a manticore
  7314 | D:7      | Killed a manticore
  7455 | D:7      | Found a staircase to the Ecumenical Temple.
  7466 | Temple   | Entered the Ecumenical Temple
  7543 | Temple   | Became a worshipper of Warmaster Okawaru
  7776 | D:8      | Reached skill level 5 in Short Blades
  7777 | D:8      | Noticed Maggie
  7782 | D:8      | Noticed a two-headed ogre
  7792 | D:8      | Reached skill level 5 in Spellcasting
  7792 | D:8      | Reached skill level 9 in Ice Magic
  7811 | D:8      | Killed Maggie
  7811 | D:8      | Reached * piety under Okawaru
  8094 | D:8      | Reached XP level 10. HP: 63/63 MP: 9/17
  8591 | D:8      | Reached skill level 1 in Invocations
  8593 | D:8      | Upgraded the game from 0.28-a0-425-gd0eccab798 to
                  | 0.28-a0-429-g1448048969
  8695 | D:8      | Killed a two-headed ogre
  8695 | D:8      | Reached ** piety under Okawaru
  8696 | D:8      | Reached skill level 10 in Ice Magic
  9175 | D:8      | Reached *** piety under Okawaru
  9508 | D:9      | Noticed a two-headed ogre
  9518 | D:9      | Killed a two-headed ogre
  9519 | D:9      | Reached skill level 1 in Fighting
  9683 | D:9      | Reached **** piety under Okawaru
  9685 | D:9      | Reached XP level 11. HP: 63/72 MP: 11/18
 10189 | D:9      | Found Nuat's Antique Armour Emporium.
 10346 | D:9      | Noticed a two-headed ogre
 10387 | D:9      | Killed a two-headed ogre
 10580 | D:9      | Reached ***** piety under Okawaru
 10810 | D:10     | Entered Level 10 of the Dungeon
 10862 | D:10     | Found a staircase to the Orcish Mines.
 11314 | D:10     | Found a broken altar of Ashenzari.
 11338 | D:10     | Reached skill level 5 in Conjurations
 11432 | D:10     | Found a radiant altar of Vehumet.
 11630 | D:10     | Reached skill level 5 in Invocations
 12035 | D:10     | Slain by a large slime creature

Illustrated notes

Levels and vault maps discovered:
D:1:      matt_arrival_los_fun, layout_loops_corners, serial_bayou_crossing
D:2:      layout_rooms, basic_altar
D:3:      layout_basic, gammafunk_temple_overflow_wave, serial_forest,
          infiniplex_forest_lined_3, infiniplex_forest_lined_3,
          infiniplex_forest_clump_large, infiniplex_forest_end_1,
          infiniplex_forest_end_double, uniq_grinder
D:4:      layout_cave_pods, nicolae_gozag_cash_rules_everything_around_me,
          nicolae_overflow_hidden_temple, nemelex_xobeh_ov_fountains_minmay,
          chequers_jeans
D:5:      minmay_skewed_foursquare, layout_basic, lightli_corner_chamber,
          uniq_blork_the_orc
D:6:      layout_layer_cave
D:7:      layout_basic, mainiacjoe_overflow_surrounded_room,
          minmay_temple_entry_stoned_glass, palyth_stone_intersect
D:8:      minmay_four_partial_circles, layout_loops_corners,
          gup_ossuary_entry_pyramid, uniq_maggie
D:9:      layout_stronghold, serial_shops, shop
D:10:     layout_stronghold, kennysheep_little_box, overflow_temple_1_default,
          orc_0_dummy
D:11:     minmay_coctagon, layout_irregular_city, due_lair_maze_entry_diamond,
          enter_trove_0, minmay_door_square, st_stairs_13, corexii_corridor_pit
Temple:   nicolae_temple_hex_pool

Skill      XL: |  1  2  3  4  5  6  7  8  9 10 11 |
---------------+----------------------------------+-----
Dodging        | 3 4 5 6 7 8 9 |  9.6
Ice Magic      | 5 6 7 8 9 10 | 10.0
Stealth        | 3 4 5 6 8 9 |  9.0
Short Blades   | 1 2 3 4 5 7 8 |  8.1
Spellcasting   | 3 4 5 |  5.2
Conjurations   | 2 3 4 5 |  5.0
Fire Magic     | 1 |  1.1
Invocations    | 3 5 |  5.0
Fighting       | 1 3 |  3.8

Action                   |  1- 3 |  4- 6 |  7- 9 | 10-12 || total
-------------------------+-------+-------+-------+-------++-------
Melee: Unarmed           |     5 |       |       |       ||     5
       Dagger            |     8 |    43 |   256 |   144 ||   451
 Cast: Freeze            |    63 |    91 |     6 |    39 ||   199
       Frozen Ramparts   |       |     6 |     8 |    23 ||    37
       Ozocubu's Armour  |       |       |     3 |    11 ||    14
       Hailstorm         |       |       |     2 |     3 ||     5
Invok: Heroism           |       |       |       |     1 ||     1
       Finesse           |       |       |       |     1 ||     1
Evoke: Wand              |       |       |     4 |       ||     4
  Use: Potion            |       |       |     3 |       ||     3
       Scroll            |       |       |       |     1 ||     1
 Stab: Sleeping          |     4 |     9 |    14 |     2 ||    29
       Paralysed         |       |       |     1 |       ||     1
Armor: Robe              |     8 |    39 |    61 |    29 ||   137
Dodge: Dodged            |    40 |    81 |   174 |   105 ||   400
Block: Other             |       |       |    31 |    35 ||    66
       Reflection        |       |       |     2 |     1 ||     3

Table legend: (Time is in decaauts)
 A = Elapsed time spent in this place.
 B = Non-inter-level travel time spent in this place.
 C = Inter-level travel time spent in this place.
 D = Time resting spent in this place.
 E = Time spent auto-exploring this place.
 F = Levels seen in this place.
 G = Mean time per level.
                   A        B        C        D        E       F      G
               +--------+--------+--------+--------+--------+-----+--------+
         Total |  11908 |  11452 |    456 |   3007 |   6015 |  12 |  992.3 |
       Dungeon |  11821 |  11391 |    430 |   3007 |   5965 |  11 | 1074.6 |
        Temple |     87 |     61 |     26 |      0 |     50 |   1 |   87.0 |
               +--------+--------+--------+--------+--------+-----+--------+

Top non-repeatable levels by time:
     D:8: 1628 daAuts
     D:1: 1589 daAuts
     D:5: 1304 daAuts
     D:4: 1255 daAuts
     D:2: 1236 daAuts
     D:9: 1051 daAuts
    D:10: 1035 daAuts
     D:3: 917 daAuts
     D:7: 898 daAuts
     D:6: 736 daAuts
    D:11: 167 daAuts
  Temple: 87 daAuts
